 Dungeon Crawl Stone Soup version 0.31-a0-355-g57cb03d3e8 (webtiles) character file.

Game seed: 10935744077223194584

6469 promet the Thaumaturge (level 10, -14/56 HPs)
             Began as a Deep Elf Venom Mage on July 24, 2023.
             Was a Believer of Sif Muna.
             Demolished by a two-headed ogre
             ... wielding a +0 giant club
              (22 damage)
             ... on level 9 of the Dungeon.
             The game lasted 01:20:20 (17751 turns).

promet the Thaumaturge (Deep Elf Venom Mage)       Turns: 17751, Time: 01:20:20

Health: -14/56     AC:  8    Str:  9    XL:     10   Next: 68%
Magic:  9/26       EV: 14    Int: 21    God:    Sif Muna [**....]
Gold:   396        SH:  0    Dex: 15    Spells: 12/30 levels left

rFire   . . .        a - +8 Vampire's Tooth {megavamp}
rCold   . . .        (no shield)
rNeg    . . .        l - +1 robe
rPois   .            (no helmet)
rElec   .            N - +0 cloak
rCorr   .            (no gloves)
SInv    .            (no boots)
Will    +....        F - amulet of the acrobat
Stlth   +++          y - ring of flight
HPRegen 0.29/turn    i - +4 ring of protection
MPRegen 0.20/turn

%: acrobat
@: flying
A: no striking features
a: Renounce Religion, Channel Magic


You were on level 9 of the Dungeon.
You worshipped Sif Muna.
Sif Muna was pleased with you.
You visited 1 branch of the dungeon, and saw 11 of its levels.

You collected 396 gold pieces.

Inventory:

Hand Weapons
 a - the +8 Vampire's Tooth (weapon) {megavamp}
   (You found it on level 7 of the Dungeon)
 b - a +0 arbalest
 f - a +3 scimitar
 m - a +4 dagger
 r - a +0 dagger of draining
 s - a +0 dagger of speed
 u - a +0 sling of freezing
 v - a +2 short sword of venom
 z - a +1 scimitar of electrocution
 B - a +3 flail
 E - a +0 heavy spear
 I - a +3 war axe
 K - a +0 short sword of electrocution
Missiles
 e - 74 stones
 j - 18 poisoned darts
 t - 5 boomerangs
 A - 2 silver boomerangs
Armour
 l - a +1 robe (worn)
 J - a +0 leather armour
 N - a +0 cloak (worn)
Jewellery
 d - a +6 ring of dexterity
 g - a ring of fire
 i - a +4 ring of protection (right hand)
 y - a ring of flight (left hand)
 F - an amulet of the acrobat (around neck)
Talismans
 o - a beast talisman
Wands
 c - a wand of flame (5)
 h - a wand of paralysis (13)
 q - a wand of polymorph (11)
 M - a wand of mindburst (10)
Scrolls
 n - a scroll of amnesia
 H - 2 scrolls of noise
 O - a scroll of identify
Potions
 k - 8 potions of curing
 w - 2 potions of mutation
 x - 2 potions of resistance
 C - a potion of cancellation
 G - 2 potions of haste
 P - a potion of attraction


   Skills:
 + Level 3.4 Fighting
 + Level 3.6 Short Blades
 + Level 0.1 Maces & Flails
 + Level 7.3 Ranged Weapons
 + Level 5.1 Dodging
 + Level 5.2 Stealth
 + Level 10.6 Spellcasting
 + Level 0.5 Conjurations
 + Level 2.6 Translocations
 + Level 4.1 Transmutations
 + Level 4.4 Fire Magic
 + Level 5.0 Air Magic
 + Level 7.9 Poison Magic
 + Level 0.2 Evocations


You had 12 spell levels left.
You knew the following spells:

 Your Spells              Type           Power      Damage    Failure   Level
a - Sting                 Tmut/Pois      100%       1d8       1%          1
b - Poisonous Vapours     Pois/Air       76%        N/A       1%          2
c - Passwall              Tmut/Erth      15%        N/A       4%          2
d - Mephitic Cloud        Conj/Pois/Air  30%        N/A       2%          3
e - Ignite Poison         Fire/Tmut/Pois 34%        N/A       1%          3
f - Olgreb's Toxic Radia  Pois           44%        N/A       2%          4
g - Volatile Blastmotes   Fire/Tloc      50%        2d14      4%          3

Your spell library contained the following spells:

 Spells                   Type           Power      Damage    Failure   Level
 Swiftness                Air            32%        N/A       2%          3
 Vhi's Electric Charge    Tloc/Air       54%        N/A       3%          3
 Sandblast                Erth           22%        2d7       6%          1
 Slow                     Hex            44%        N/A       6%          1
 Inner Flame              Hex/Fire       20%        N/A       8%          3
 Ensorcelled Hibernation  Hex/Ice        22%        N/A       10%         2
 Portal Projectile        Hex/Tloc       32%        N/A       11%         3
 Dazzling Flash           Conj/Hex       24%        N/A       16%         3
 Stone Arrow              Conj/Erth      24%        3d8       16%         3
 Call Canine Familiar     Summ           11%        N/A       19%         3
 Confusing Touch          Hex            11%        N/A       19%         3
 Vampiric Draining        Necr           11%        2d6       19%         3
 Flame Wave               Conj/Fire      21%        2d8       22%         4
 Sticky Flame             Conj/Fire      21%        2d4       22%         4
 Arcjolt                  Conj/Air       11%        1d21      47%         5
 Leda's Liquefaction      Hex/Erth       5%         N/A       52%         4
 Plasma Beam              Fire/Air       15%        2x1d27    80%         6
 Starburst                Conj/Fire      10%        6d5       97%         6
 Ignition                 Fire           14%        3d6       100%        8
 Maxwell's Capacitive Co  Air            16%        ∞         100%        8


Dungeon Overview and Level Annotations

Branches:
Dungeon (11/15)            Temple (0/1) D:6
   Lair: D:8-11         Orc: D:9-12

Altars:
Ashenzari
Fedhas
Makhleb
Sif Muna
Xom
Yredelemnul
Zin
The Shining One

Shops:
D:6 *

Annotations:
D:3 1 runed translucent door, garrulousMonolith's ghost, amateur GnSh


Message History

A cloud of volatile blastmotes flares up around you!
Found 13 gold pieces.
The cloud of blastmotes explodes!
The concussive blast engulfs the gargoyle!
The gargoyle is moderately damaged.
Casting: Volatile Blastmotes (dangerous; 4% risk of failure)
Confirm with . or Enter, or press ? or * to list all spells.
A cloud of volatile blastmotes flares up around you!
You reach down and open the door.
Found 4 stones.
The cloud of blastmotes explodes!
The concussive blast engulfs the gargoyle but does no damage.
The gargoyle is moderately damaged.
The concussive blast engulfs you.
You are knocked back by the blast.
You hear an angry buzzing noise.
The gargoyle hurls a stone arrow at you.
The stone arrow misses you.
Found a scroll of noise.
The gargoyle hurls a stone arrow at you.
The stone arrow hits you!!
* * * LOW HITPOINT WARNING * * *
Found 11 gold pieces.
The two-headed ogre shouts in stereo!
You see here 10 gold pieces.
The gargoyle hurls a stone arrow at you.
The stone arrow hits you!
* * * LOW HITPOINT WARNING * * *
Casting: Volatile Blastmotes (dangerous; 4% risk of failure)
Confirm with . or Enter, or press ? or * to list all spells.
A cloud of volatile blastmotes flares up around you!
The cloud of blastmotes explodes!
The concussive blast engulfs the two-headed ogre!
The two-headed ogre is moderately wounded.
You hear a loud, deep croak!
As you read the scroll of fear, it crumbles to dust.
You assume a fearsome visage.
The gargoyle is unaffected.
The two-headed ogre easily resists.
The bullfrog looks frightened!
The two-headed ogre attacks as you move away!
The two-headed ogre hits you with a +0 giant club!!
You die...

+.........# #........
#.......$.# #........
#.........# #.(......
#.........######........
...................9.....
...######.#.#######.###..
...######.#.......#...#..
..................#.###..
....#.@O.9..$.#.#......
..........#.#.#.?.####..?
.......###..#.#.....##...
........###.##.##O9.......
........##..#...#....##...
F..$....##.##.#.##...##...
........#..#.. ..#........
........#.#### #.##.#.....
..........#.. #.......


You could see a two-headed ogre and a gargoyle.

Vanquished Creatures
  A two-headed ogre (D:9)
  A manticore (D:7)
  Sigmund (D:4)
  3 wyverns
  A yak (D:7)
  A hog (D:7)
  A steam dragon (D:9)
  A water moccasin (D:7)
  2 orc warriors
  A sky beast (D:6)
  9 black bears
  4 ogres
  A wolf (D:6)
  3 centaurs
  A kobold brigand (D:8)
  4 bullfrogs
  A gnoll sergeant (D:9)
  3 scorpions
  7 wights
  10 killer bees
  3 howler monkeys
  2 jellies
  4 orc priests
  6 hounds
  3 gnoll boudas
  2 iguanas
  2 sleepcaps (D:6)
  Jessica (D:2)
  Ijyb (D:3)
  10 orc wizards
  Robin (D:2)
  16 gnolls
  5 adders
  A white imp (D:6)
  2 ufetubi
  2 worms
  2 dart slugs (D:2)
  30 orcs
  11 ball pythons
  13 endoplasms
  4 giant cockroaches
  8 goblins
  6 hobgoblins
  4 jackals
  3 quokkas
  5 bats
  4 frilled lizards
  19 kobolds
  5 rats
  A butterfly (D:6)
232 creatures vanquished.

Vanquished Creatures (others)
  A bullfrog (D:9)
1 creature vanquished.

Grand Total: 233 creatures vanquished

Notes
Turn   | Place    | Note
-------+----------+-------------------------------------------
     0 | D:1      | promet the Deep Elf Venom Mage began the quest for the Orb.
     0 | D:1      | Reached XP level 1. HP: 10/10 MP: 6/6
   699 | D:1      | Reached XP level 2. HP: 15/15 MP: 5/8
   702 | D:1      | Learned a level 2 spell: Poisonous Vapours
  2249 | D:2      | Noticed Jessica
  2265 | D:1      | Reached XP level 3. HP: 16/20 MP: 7/10
  2528 | D:2      | Found a burning altar of Makhleb.
  2967 | D:2      | Noticed Robin
  2973 | D:2      | Killed Robin
  2974 | D:2      | Reached skill level 1 in Air Magic
  2976 | D:2      | Reached skill level 1 in Fighting
  3369 | D:2      | Reached XP level 4. HP: 25/25 MP: 8/11
  3423 | D:2      | Killed Jessica
  3424 | D:2      | Reached skill level 4 in Spellcasting
  4789 | D:3      | Noticed Ijyb
  4842 | D:3      | Killed Ijyb
  4843 | D:3      | Reached XP level 5. HP: 28/29 MP: 7/13
  5271 | D:3      | Reached skill level 1 in Ranged Weapons
  5495 | D:3      | Reached skill level 5 in Spellcasting
  5858 | D:3      | Found a faded altar of an unknown god.
  6201 | D:3      | Found a runed translucent door.
  6201 | D:3      | Noticed garrulousMonolith's ghost (amateur GnSh)
  6518 | D:4      | Reached XP level 6. HP: 30/35 MP: 11/15
  6645 | D:4      | Learned a level 2 spell: Passwall
  6649 | D:4      | Learned a level 3 spell: Mephitic Cloud
  6653 | D:4      | Learned a level 3 spell: Ignite Poison
  7301 | D:4      | Noticed Sigmund
  7305 | D:4      | Killed Sigmund
  7306 | D:4      | Reached XP level 7. HP: 40/40 MP: 6/17
  8191 | D:4      | Found a shimmering blue altar of Sif Muna.
  8414 | D:4      | Became a worshipper of Sif Muna the Loreminder
  8480 | D:5      | Entered Level 5 of the Dungeon
  8631 | D:5      | Reached skill level 6 in Spellcasting
  8753 | D:5      | Reached skill level 5 in Poison Magic
  9323 | D:5      | Found a blossoming altar of Fedhas.
  9328 | D:5      | Reached skill level 1 in Fire Magic
  9328 | D:5      | Reached XP level 8. HP: 45/45 MP: 19/19
  9798 | D:6      | Learned a level 4 spell: Olgreb's Toxic Radiance
  9953 | D:6      | Reached skill level 5 in Ranged Weapons
  9953 | D:6      | Reached skill level 7 in Spellcasting
 10285 | D:6      | Learned a level 3 spell: Volatile Blastmotes
 10337 | D:6      | Reached skill level 1 in Short Blades
 10523 | D:6      | Found a shimmering altar of Xom.
 10761 | D:6      | Found a glowing silver altar of Zin.
 10780 | D:6      | Found a staircase to the Ecumenical Temple.
 10810 | D:6      | Reached skill level 1 in Translocations
 11015 | D:6      | Found Neselu Unui's Elemental Accessories.
 11913 | D:7      | Reached XP level 9. HP: 49/49 MP: 17/22
 11947 | D:7      | Found a runed translucent gate.
 11947 | D:7      | Found a runed translucent gate.
 11947 | D:7      | Found a runed translucent gate.
 11951 | D:7      | Noticed a manticore
 12254 | D:7      | Reached skill level 8 in Spellcasting
 12326 | D:7      | Found a basalt altar of Yredelemnul.
 12331 | D:7      | Found a glowing golden altar of the Shining One.
 12333 | D:7      | Noticed an angel
 12343 | D:7      | Found the +8 Vampire's Tooth {megavamp}
 12485 | D:7      | Reached * piety under Sif Muna
 13939 | D:7      | Reached skill level 9 in Spellcasting
 14773 | D:7      | Reached skill level 5 in Stealth
 14773 | D:7      | Reached XP level 10. HP: 56/56 MP: 19/25
 15087 | D:7      | Killed a manticore
 15730 | D:8      | Reached skill level 5 in Dodging
 15824 | D:8      | Reached skill level 10 in Spellcasting
 16329 | D:8      | Found a broken altar of Ashenzari.
 16755 | D:8      | Reached ** piety under Sif Muna
 17058 | D:8      | You are sucked into a shaft and drop 3 floors!
 17368 | D:11     | Noticed a manticore
 17521 | D:10     | Entered Level 10 of the Dungeon
 17559 | D:9      | Noticed a two-headed ogre
 17636 | D:9      | Killed a two-headed ogre
 17643 | D:9      | Noticed a centaur warrior
 17643 | D:9      | Noticed a centaur warrior
 17643 | D:9      | Noticed a green ugly thing
 17643 | D:9      | Noticed a centaur warrior
 17643 | D:9      | Noticed a gargoyle
 17643 | D:9      | Noticed a purple ugly thing
 17643 | D:9      | Noticed a red ugly thing
 17643 | D:9      | Noticed a boulder beetle
 17644 | D:9      | Noticed a two-headed ogre
 17661 | D:9      | Reached skill level 5 in Air Magic
 17751 | D:9      | Demolished by a two-headed ogre

Illustrated notes

Levels and vault maps discovered:
D:1:      tarquinn_simple_flora_water_b, layout_basic
D:2:      layout_loops_ring, basic_altar, uniq_jessica, uniq_robin
D:3:      layout_basic, gammafunk_ghost_grave,
          dreamdust_ecumenical_altar_statues, columned_hall_lemuel, uniq_ijyb
D:4:      layout_loops_ring, kennysheep_orc_sif_temple, uniq_sigmund
D:5:      layout_loops_cross, mainiacjoe_overflow_small_starburst,
          kennysheep_generic_room_8
D:6:      layout_basic, xom_butterflies, zin_statuary,
          minmay_temple_entry_slanted, nicolae_ossuary_entry_false_entrances,
          nicolae_elemental_shop, minmay_misc_feat_columns
D:7:      lemuel_bear_cage, layout_basic, grunt_temple_overflow_holy_war
D:8:      layout_basic, mainiacjoe_overflow_alcove_2,
          ashenzari_conservatory_becter, mainiacjoe_overflow_alcove_4,
          chequers_serial_rivers_small_3, hangedman_abyss_or_decor_stagger
D:9:      minmay_the_grid_triangle_9x9_recursive_2_mashed
          [minmay_the_grid_triangle_9x9_prize_insulated,
          minmay_the_grid_triangle_9x9_corruption,
          minmay_the_grid_triangle_9x9_skeleton,
          minmay_the_grid_triangle_9x9_corrupted_corridor], layout_basic,
          ebering_ghost_funeral_grove, uniq_pikel
D:10:     layout_gridville, bloody_makhleb, orc_0_dummy,
          serial_co_window_serial, co_window_paths_a, co_window_corner_a,
          co_window_paths_a, co_window_cross_1, co_window_corner_a,
          co_window_corner_b, co_window_broadway_c, co_window_corner_b,
          co_window_paths_c, co_window_broadway_b, co_window_2corner,
          co_window_broadway_a, ebering_dispersal_statue_hall
D:11:     layout_gridville, minmay_lair_entry_grove

Skill      XL: |  1  2  3  4  5  6  7  8  9 10 |
---------------+-------------------------------+-----
Poison Magic   | 4 5 6 7 |  7.9
Air Magic      | 1 2 3 4 5 |  5.0
Fighting       | 1 2 3 |  3.4
Spellcasting   | 4 5 6 7 9 10 | 10.6
Ranged Weapons | 1 4 5 6 7 |  7.3
Dodging        | 3 4 5 |  5.1
Stealth        | 3 4 5 |  5.2
Transmutations | 2 3 4 |  4.1
Fire Magic     | 1 2 3 4 |  4.4
Short Blades   | 2 3 |  3.6
Translocations | 1 2 |  2.6
Maces & Flails | |  0.1
Conjurations   | |  0.5
Evocations     | |  0.2

Action                     |  1- 3 |  4- 6 |  7- 9 | 10-12 || total
---------------------------+-------+-------+-------+-------++-------
  Melee: Whip              |     5 |       |       |       ||     5
         Dagger            |    12 |     7 |       |       ||    19
         Short sword       |    16 |    17 |   110 |       ||   143
         Punch             |     1 |       |     1 |     1 ||     3
         Unarmed           |       |     3 |       |       ||     3
         Quick blade       |       |       |       |    36 ||    36
   Fire: Sling             |     2 |    13 |       |       ||    15
         Arbalest          |       |    48 |    87 |    50 ||   185
   Cast: Sting             |    39 |     9 |    12 |       ||    60
         Poisonous Vapours |    21 |    31 |    37 |    18 ||   107
         Ignite Poison     |       |     4 |    24 |    17 ||    45
         Mephitic Cloud    |       |       |     4 |     7 ||    11
         Volatile Blastmot |       |       |     9 |    14 ||    23
         Olgreb's Toxic Ra |       |       |     5 |     6 ||    11
  Evoke: Wand              |       |       |       |     1 ||     1
    Use: Scroll            |     6 |     1 |     7 |    10 ||    24
         Potion            |     1 |       |     2 |     1 ||     4
   Stab: Sleeping          |     3 |     2 |     3 |     1 ||     9
         Confused          |       |       |     3 |     3 ||     6
 Armour: Robe              |    14 |     9 |    93 |    10 ||   126
         Skin              |       |     1 |       |       ||     1
  Dodge: Dodged            |    23 |    24 |    94 |    48 ||   189

Table legend: (Time is in decaauts)
 A = Elapsed time spent in this place.
 B = Non-inter-level travel time spent in this place.
 C = Inter-level travel time spent in this place.
 D = Time resting spent in this place.
 E = Time spent auto-exploring this place.
 F = Levels seen in this place.
 G = Mean time per level.
                   A        B        C        D        E       F      G
               +--------+--------+--------+--------+--------+-----+--------+
         Total |  17846 |  17344 |    502 |   8772 |   2995 |  11 | 1622.4 |
       Dungeon |  17846 |  17344 |    502 |   8772 |   2995 |  11 | 1622.4 |
               +--------+--------+--------+--------+--------+-----+--------+

Top non-repeatable levels by time:
     D:7: 3427 daAuts
     D:1: 2900 daAuts
     D:6: 2392 daAuts
     D:4: 2051 daAuts
     D:2: 1919 daAuts
     D:3: 1708 daAuts
     D:8: 1482 daAuts
     D:5: 1266 daAuts
    D:11: 463 daAuts
     D:9: 166 daAuts
    D:10: 66 daAuts
